 Dungeon Crawl Stone Soup version 0.24.0-123-gd5b16e6ec5 (webtiles) character file.

Game seed: 3823127021043455456, levelgen mode: deterministic

6484 Destapler the Cleaver (level 11, -3/142 HPs)
             Began as a Hill Orc Berserker on Dec 21, 2019.
             Was a High Priest of Trog.
             Slain by a death yak (6 damage)
             ... on level 8 of the Dungeon.
             The game lasted 00:48:44 (9100 turns).

Destapler the Cleaver (Hill Orc Berserker)          Turns: 9100, Time: 00:48:44

Health: -3/142     AC:  9    Str: 29    XL:     11   Next: 0%
Magic:  14/14      EV: 10    Int:  7    God:    Trog [*****.]
Gold:   314        SH: 12    Dex: 10    Spells: 10/10 levels left

rFire    + . .     SeeInvis .   a - +1 spear (flame)
rCold    . . .     Gourm    .   o - +0 shield
rNeg     . . .     Faith    +   B - +0 ring mail
rPois    .         Spirit   .   n - +0 helmet
rElec    .         Reflect  .   (no cloak)
rCorr    +         Harm     .   t - +0 pair of gloves
MR       .....                  (no boots)
Stlth    ..........             g - amulet of faith
HPRegen  0.33/turn              p - ring of protection from fire
MPRegen  0.14/turn              F - ring of resist corrosion

@: berserking (expiring), very quick
A: no striking features
a: Berserk, Trog's Hand, Brothers in Arms, Renounce Religion


You were on level 8 of the Dungeon.
You worshipped Trog.
Trog was extremely pleased with you.
You were hungry.

You visited 1 branch of the dungeon, and saw 8 of its levels.

You collected 518 gold pieces.
You spent 204 gold pieces at shops.

Inventory:

Hand Weapons
 a - a +1 spear of flaming (weapon)
 C - a +0 hand axe
 G - a +2 whip of flaming
Missiles
 e - a throwing net
 m - 232 stones
 s - 30 poisoned darts (quivered)
 u - 2 boomerangs of dispersal
 x - 6 curare-tipped darts
Armour
 n - a +0 helmet (worn)
 o - a +0 shield (worn)
 r - +0 fire dragon scales
 t - a +0 pair of gloves (worn)
 B - a +0 ring mail (worn)
Jewellery
 g - an amulet of faith (around neck)
 h - a cursed -4 ring of protection {unknown}
 p - a ring of protection from fire (left hand)
 F - a ring of resist corrosion (right hand)
Wands
 d - a wand of digging (4)
 k - a wand of disintegration (15)
 A - a wand of flame (37)
Scrolls
 q - a scroll of teleportation
 w - 2 scrolls of identify
 y - a scroll of acquirement {unknown}
 H - a scroll of random uselessness {unknown}
Potions
 b - a potion of curing
 f - a potion of ambrosia
 i - a potion of heal wounds
 l - a potion of flight {unknown}
 v - 2 potions of lignification
 D - a potion of might
 E - a potion of resistance {unknown}
Comestibles
 c - 10 rations
 j - 7 chunks of flesh


   Skills:
 + Level 8.5 Fighting
 + Level 13.2 Axes
 + Level 7.3 Armour
 - Level 1.5 Dodging
 + Level 8.1 Shields
 - Level 5.0 Evocations


You had 10 spell levels left.
You didn't know any spells.
Your spell library contained the following spells:

 Spells                   Type           Power        Failure   Level  Hunger
 Infusion                 Chrm           #...         83%         1    ##.....
 Shroud of Golubria       Chrm/Tloc      #.....       93%         2    ###....
 Song of Slaying          Chrm           #.......     93%         2    ###....
 Regeneration             Chrm/Necr      #.........   99%         3    ####...
 Spectral Weapon          Hex/Chrm       #.......     99%         3    ####...


Dungeon Overview and Level Annotations

Branches:
Dungeon (8/15)             Temple (0/1) D:6
   Lair: D:8-11

Altars:
Dithmenos
Gozag
Hepliaklqana
Makhleb
Okawaru
Sif Muna
Yredelemnul
The Shining One

Shops:
D:7 *


Message History

The death yak gores you!
* * * LOW HITPOINT WARNING * * *
The death yak gores you!
* * * LOW HITPOINT WARNING * * *
Unknown command.
You puncture the death yak! You burn the death yak.
The death yak is heavily wounded.
You block the death yak's attack.
You hit the death yak but do no damage.
The death yak is heavily wounded.
You block the death yak's attack.
You barely miss the death yak.
The death yak is heavily wounded.
The death yak gores you but does no damage. x2
You hit the death yak. You burn the death yak.
The death yak is heavily wounded.
You hit the death yak. You burn the death yak.
The death yak is severely wounded.
The death yak barely misses you. The death yak gores you.
You die...

#....# ##..## #....#
#...)#
############....# ..
#.......##..>.# ...
#######..O....# ....
#..O#....# ##....
##.#.#....# #.....#
##..#.#########(((?...
#..##....##@YoY..#
#.######)##Y#YY.##
#.### #†##.#.###
#...####)#....#
###......)†..##
####.......#
##..##.#......
####).....#..####
####.....######..#


You could see 5 death yaks and an orc.

Vanquished Creatures
  A two-headed ogre (D:8)
  2 death yaks (D:8)
  Pikel (D:5)
  8 soldier ants (D:8)
  4 slaves (D:5)
  4 orc warriors
  A sky beast (D:6)
  3 centaurs
  4 phantoms
  6 ogres
  A bullfrog (D:8)
  A gnoll sergeant (D:6)
  A scorpion (D:5)
  5 wights
  3 crimson imps
  A hound (D:8)
  5 orc priests
  2 jellies
  2 bullfrog skeletons
  11 orc wizards
  A centaur skeleton (D:4)
  An iguana (D:4)
  Natasha (thrice) (D:2)
  9 worker ants
  A hound skeleton (D:5)
  A howler monkey zombie (D:5)
  3 worker ant zombies
  9 gnolls
  8 adders
  A shadow imp (D:6)
  An ooze (D:4)
  An adder skeleton (D:3)
  A worm (D:3)
  3 dart slugs
  5 leopard geckos
  41 orcs
  2 giant cockroaches
  10 goblins
  4 hobgoblins
  8 jackals
  2 quokkas
  A ball python zombie (D:3)
  8 bats
  A frilled lizard (D:2)
  A jackal skeleton (D:4)
  3 kobolds
  2 leopard gecko skeletons
  4 rats
201 creatures vanquished.

Notes
Turn   | Place    | Note
-------+----------+-------------------------------------------
     0 | D:1      | Destapler the Hill Orc Berserker began the quest for the
                  | Orb.
     0 | D:1      | Reached XP level 1. HP: 19/19 MP: 1/1
    76 | D:1      | Found an iron altar of Okawaru.
    81 | D:1      | Reached XP level 2. HP: 24/26 MP: 2/2
   260 | D:1      | Reached skill level 5 in Axes
   287 | D:1      | Reached skill level 1 in Shields
   287 | D:1      | Reached XP level 3. HP: 7/31 MP: 3/3
   582 | D:1      | Reached ** piety under Trog
  1171 | D:2      | Reached XP level 4. HP: 34/39 MP: 4/4
  1248 | D:2      | Noticed Natasha
  1262 | D:2      | Killed Natasha
  1419 | D:2      | Noticed Natasha
  1430 | D:2      | Killed Natasha
  1430 | D:2      | Reached skill level 6 in Axes
  1430 | D:2      | Reached XP level 5. HP: 38/45 MP: 5/5
  1846 | D:2      | Found a faded altar of an unknown god.
  2043 | D:2      | Noticed Natasha
  2047 | D:2      | Killed Natasha
  2389 | D:3      | Reached *** piety under Trog
  2764 | D:3      | Reached XP level 6. HP: 49/51 MP: 6/6
  2812 | D:3      | Reached skill level 7 in Axes
  2963 | D:4      | Noticed a phantom
  3030 | D:4      | Killed a phantom
  3030 | D:4      | Reached skill level 8 in Axes
  3390 | D:4      | Found a shadowy altar of Dithmenos.
  3390 | D:4      | Found a burning altar of Makhleb.
  3391 | D:4      | Found a hazy altar of Hepliaklqana.
  3429 | D:4      | Noticed a phantom
  3460 | D:4      | Killed a phantom
  3460 | D:4      | Reached skill level 9 in Axes
  3460 | D:4      | Reached XP level 7. HP: 53/57 MP: 7/7
  3983 | D:4      | Found a glowing golden altar of the Shining One.
  3992 | D:4      | Found a basalt altar of Yredelemnul.
  4082 | D:4      | Noticed an angel
  4134 | D:5      | Entered Level 5 of the Dungeon
  4234 | D:5      | Reached skill level 10 in Axes
  4357 | D:5      | Reached XP level 8. HP: 42/64 MP: 8/8
  4441 | D:5      | Reached skill level 11 in Axes
  4441 | D:5      | Reached skill level 1 in Evocations
  4488 | D:5      | You fall into a shaft and drop 1 floor!
  4524 | D:5      | Reached **** piety under Trog
  4739 | D:5      | Noticed Pikel
  4793 | D:5      | Killed Pikel
  4793 | D:5      | Reached skill level 5 in Fighting
  4793 | D:5      | Reached skill level 5 in Shields
  4793 | D:5      | Reached XP level 9. HP: 74/74 MP: 9/11
  5363 | D:6      | Found a shimmering blue altar of Sif Muna.
  5517 | D:6      | Found a staircase to the Ecumenical Temple.
  6074 | D:7      | Reached skill level 5 in Armour
  6120 | D:6      | Reached skill level 12 in Axes
  6680 | D:6      | Found a staircase to the Ecumenical Temple.
  6774 | D:6      | Found a shimmering blue altar of Sif Muna.
  7470 | D:7      | Found Ruolixan's Assorted Antiques.
  7501 | D:7      | Bought an emerald potion for 20 gold pieces
  7501 | D:7      | Bought a scroll labeled ACEOJE ATUU for 23 gold pieces
  7501 | D:7      | Bought a scroll labeled PASKO ZUOMOITH for 23 gold pieces
  7501 | D:7      | Bought a scroll of identify for 46 gold pieces
  7501 | D:7      | Bought a scroll of identify for 46 gold pieces
  7501 | D:7      | Bought a scroll of identify for 46 gold pieces
  7599 | D:7      | Reached ***** piety under Trog
  7989 | D:7      | Found an opulent altar of Gozag.
  8215 | D:8      | Reached XP level 10. HP: 50/84 MP: 13/13
  8448 | D:8      | HP: 3/86 [soldier ant (2)]
  8449 | D:8      | Noticed a queen ant
  8806 | D:8      | Reached skill level 5 in Evocations
  8840 | D:8      | Noticed a death yak
  8840 | D:8      | Noticed a death yak
  8878 | D:8      | Killed a death yak
  8918 | D:8      | Noticed a two-headed ogre
  8930 | D:8      | Killed a two-headed ogre
  8930 | D:8      | Reached skill level 13 in Axes
  8937 | D:8      | Received a gift from Trog
  9063 | D:8      | Noticed a death yak
  9073 | D:8      | Noticed a death yak
  9077 | D:8      | Noticed a death yak
  9079 | D:8      | Noticed a death yak
  9083 | D:8      | Killed a death yak
  9083 | D:8      | Reached XP level 11. HP: 46/95 MP: 14/14
  9084 | D:8      | Noticed a death yak
  9095 | D:8      | HP: 2/142 [death yak (9)]
  9100 | D:8      | Slain by a death yak

Levels and vault maps discovered:
D:1:      lightli_arrival_farm, layout_basic, minmay_crystal_water,
          serial_park_tiny_1, okawaru_ov_weapons_minmay
D:2:      layout_loops_ring, chequers_ecumenical_altar_lobes,
          minmay_misc_feat_plants, minmay_tetromino_l2, uniq_natasha
D:3:      layout_rooms, serial_undead, serial_undead_f, serial_undead_a,
          serial_undead_b, serial_undead_a, minivault_26
D:4:      layout_loops_ring, grunt_temple_overflow_holy_war,
          grunt_temple_overflow_open, first_ration
D:5:      layout_rooms, chequers_serial_rivers_small_b, uniq_pikel
D:6:      kennysheep_orc_sif_temple, layout_basic,
          minmay_temple_entry_glassed_door
D:7:      layout_loops_ring, grunt_gozag_breadcrumbs, serial_shops,
          nicolae_shop_waterfront
D:8:      layout_rooms, dpeg_lair_monsters, special_room [special_room_orc],
          david_nohive_1, zaba_anthell

Skill      XL: |  1  2  3  4  5  6  7  8  9 10 |
---------------+-------------------------------+-----
Axes           | 5 6 9 10 11 12 13 | 13.2
Shields        | 1 2 3 4 5 6 8 |  8.1
Fighting       | 5 6 8 |  8.5
Evocations     | 2 4 5 |  5.0
Armour         | 3 5 7 |  7.3
Dodging        | |  1.5

Action                   |  1- 3 |  4- 6 |  7- 9 | 10-12 || total
-------------------------+-------+-------+-------+-------++-------
Melee: Hand axe          |    73 |   229 |   354 |       ||   656
       Spear             |       |       |   170 |   224 ||   394
Throw: Dart              |       |       |    12 |     5 ||    17
       Stone             |       |       |    12 |       ||    12
Invok: Berserk           |     3 |     5 |     9 |     6 ||    23
       Trog's Hand       |       |     2 |     4 |     2 ||     8
Evoke: Wand              |       |       |       |     1 ||     1
  Use: Scroll            |       |       |    14 |     1 ||    15
       Potion            |       |       |       |     3 ||     3
  Eat: Chunk             |     4 |    12 |    19 |     9 ||    44
       Ration            |       |       |     2 |       ||     2
Armor: Animal skin       |    13 |       |       |       ||    13
       Leather armour    |     6 |    53 |       |       ||    59
       Ring mail         |       |     5 |    91 |    25 ||   121
Dodge: Dodged            |    52 |   105 |   137 |    27 ||   321
Block: Buckler           |     7 |    42 |    65 |       ||   114
       Shield            |       |       |    25 |    57 ||    82
